AoeStats
← Babuali

Nomad

510166053Analyzed
2v2 RM · 1d ago on Sep 29, 2026· 52m 55s· 4 players
Game mode
Random Map
Map size
176×176
Population
200
Speed
Normal
Resources
Standard
Victory
Conquest
Starting age
Dark Age
Ending age
Imperial Age
RankedLock teamsTeams togetherTeam positionsShared explorationLock speedFull tech treeHidden civsTurbo modeCheats
Victory
Defeat
🇹🇷 Armenians · Türkiye
1096
+13
🇹🇷 Bulgarians · Türkiye
1088
+14
🇫🇷 Huns · France
1049
-14
🇫🇷 Vietnamese · France
1028
-13
osays59
14:35 Feudal Age
15:17 Double-Bit Axe
16:31 Scale Mail Armor
16:40 Man-at-Arms
19:14 Fishing Lines
21:06 Long Swordsman
22:48 Forging
24:01 Horse Collar
27:55 Castle Age
26:36 Fletching
27:12 Padded Archer Armor
28:07 Elite Skirmisher
28:45 Bodkin Arrow
32:33 Ballistics
35:23 Bow Saw
36:11 Pikeman
38:54 Gold Mining
39:22 Squires
Babuali
3:05 Loom
14:33 Feudal Age
16:31 Forging
16:54 Scale Mail Armor
25:58 Double-Bit Axe
26:41 Stone Mining
31:16 Castle Age
32:12 Fletching
32:22 Padded Archer Armor
33:30 Wheelbarrow
32:40 Town Watch
38:00 Ballistics
39:08 Gold Mining
40:51 Gold Shaft Mining
40:49 Horse Collar
46:05 Imperial Age
44:39 Heavy Plow
44:39 Bodkin Arrow
45:00 Leather Archer Armor
45:18 Town Patrol
45:33 Hand Cart
46:11 Stone Shaft Mining
46:01 Bow Saw
47:55 Conscription
46:57 Elite Konnik
48:15 Pikeman
50:08 Iron Casting
49:40 Scale Barding Armor
50:47 Halberdier
52:56 Bracer
alexggg56
2:58 Loom
15:07 Feudal Age
16:09 Double-Bit Axe
19:44 Castle Age
18:31 Fletching
18:42 Padded Archer Armor
19:02 Bloodlines
19:06 Horse Collar
19:19 Gold Mining
21:39 Bodkin Arrow
24:09 Husbandry
24:30 Heavy Plow
25:19 Ballistics
25:52 Thumb Ring
26:54 Leather Archer Armor
26:46 Stone Mining
28:45 Wheelbarrow
30:47 Scale Barding Armor
31:27 Masonry
31:13 Murder Holes
32:25 Chain Barding Armor
32:24 Medium Warships
32:46 Careening
34:05 Gold Shaft Mining
34:28 Clinker Construction
34:37 Hand Cart
36:06 Forging
41:37 Iron Casting
42:52 Bow Saw
46:00 Imperial Age
45:02 Town Watch
47:55 Plate Barding Armor
48:21 Blast Furnace
47:49 Conscription
48:41 Two-Man Saw
48:47 Light Cavalry
49:30 Bracer
49:59 Town Patrol
50:22 Elite Tarkan
SimbaLeRoiDeLaJungle
6:32 Loom
8:15 Loom
10:26 Loom
13:55 Feudal Age
22:02 Fletching
22:45 Padded Archer Armor
28:26 Castle Age
28:15 Stone Mining
29:47 Crossbowman
30:32 Thumb Ring
30:25 Bodkin Arrow
30:46 Leather Archer Armor
47:27 Double-Bit Axe
Connection lost

Rejoining the realm…

Still unreachable

The connection could not be restored.

Session expired

The server has moved on; the page needs a fresh start.